 Dungeon Crawl Stone Soup version 0.20-a0-855-gd83b866 (webtiles) character file.

1738 Elitist the Carver (level 9, 0/68 HPs)
             Began as a Merfolk Skald on Mar 11, 2017.
             Was a Believer of Okawaru.
             Slain by Joseph
             ... wielding a +0 quarterstaff
              (4 damage)
             ... on level 7 of the Dungeon.
             The game lasted 00:17:21 (7430 turns).

Elitist the Carver (Merfolk Skald)                  Turns: 7430, Time: 00:17:22

Health: 0/68       AC: 10    Str: 11    XL:     9   Next: 5%
Magic:  7/13       EV: 18    Int: 12    God:    Okawaru [**....]
Gold:   253        SH:  0    Dex: 17    Spells: 5/14 levels left

rFire    . . .     SeeInvis .   a - +0 long sword
rCold    . . .     Gourm    .   b - +0 leather armour
rNeg     . . .     Faith    .   (no shield)
rPois    +         Spirit   .   z - +0 hat
rElec    .         Reflect  .   (no cloak)
rCorr    .         Harm     .   f - +0 pair of gloves
MR       .....                  o - +1 pair of boots
Stlth    +++.......             (no amulet)
Regen    0.3/turn               y - +3 ring of protection
MPRegen  0.2/turn               p - ring of poison resistance

@: heroism, very slightly contaminated
A: change form in water, swift swim, stealthy swim
a: Heroism, Renounce Religion


You were on level 7 of the Dungeon.
You worshipped Okawaru.
Okawaru was pleased with you.
You were not hungry.

You visited 2 branches of the dungeon, and saw 8 of its levels.

You collected 253 gold pieces.

Inventory:

Hand Weapons
 a - a +0 long sword (weapon)
Armour
 b - a +0 leather armour (worn)
 f - a +0 pair of gloves (worn)
 o - a +1 pair of boots (worn)
 w - a +0 buckler
 z - a +0 hat (worn)
Jewellery
 j - an uncursed ring of protection from cold
 p - a ring of poison resistance (left hand)
 y - a +3 ring of protection (right hand)
 B - a cursed +3 ring of protection
 C - a cursed +3 ring of strength {unknown}
Wands
 t - a wand of random effects (0/48)
Scrolls
 e - 2 scrolls of noise {unknown}
 g - a scroll of enchant weapon {unknown}
 h - 2 scrolls of teleportation
 i - a scroll of remove curse
 l - 6 scrolls of identify
 m - a scroll of amnesia {unknown}
 q - a scroll of magic mapping {unknown}
 s - a scroll of blinking {unknown}
Potions
 E - a potion of invisibility {unknown}
Books
 c - a book of Battle

   Spells                             Type                      Level
   a - Infusion                       Charms                       1
   b - Shroud of Golubria             Charms/Translocation         2
   c - Song of Slaying                Charms                       2
   d - Spectral Weapon                Hexes/Charms                 3
   e - Regeneration                   Charms/Necromancy            3
 A - a Young Poisoner's Handbook

   Spells                             Type                      Level
   a - Sting                          Conjuration/Poison           1
   b - Poisonous Vapours              Poison/Air                   2
   c - Mephitic Cloud                 Conjuration/Poison/Air       3
   d - Olgreb's Toxic Radiance        Poison                       4
   e - Venom Bolt                     Conjuration/Poison           5
Comestibles
 d - 4 bread rations
 k - 5 fruits
 x - a royal jelly


   Skills:
 - Level 5.5(10.5) Fighting
 * Level 8.6(13.6) Long Blades
 - Level 0.6(5.6) Armour
 - Level 4.0(9.0) Dodging
 - Level 3.0 Spellcasting
 + Level 2.0 Hexes
 - Level 5.1 Charms
 + Level 1.3 Necromancy
 + Level 3.5 Invocations


You had 5 spell levels left.
You knew the following spells:

 Your Spells              Type           Power        Failure   Level  Hunger
r - Regeneration          Chrm/Necr      #.........   30%         3    ###....
s - Song of Slaying       Chrm           ##......     8%          2    ###....
w - Spectral Weapon       Hex/Chrm       ##......     24%         3    ###....
z - Infusion              Chrm           ##..         4%          1    #......


Dungeon Overview and Level Annotations

Branches:
Dungeon (7/15)             Temple (1/1) D:5

Altars:
Ashenzari
Cheibriados
Dithmenos
Fedhas
Gozag
Hepliaklqana
Kikubaaqudgha
Makhleb
Nemelex Xobeh
Okawaru
Qazlal
Ru
Sif Muna
Trog
Uskayaw
Vehumet
Wu Jian
Xom
Yredelemnul
Zin
The Shining One

Annotations:
D:6 nazoth's ghost, novice DsBe
D:7 Joseph


Message History

Your spectral weapon fades away.
* * * LOW HITPOINT WARNING * * *
Unknown command.
You barely miss Joseph.
Joseph shouts!
Joseph is severely wounded.
Joseph zaps a wand.
You are blasted!
* * * LOW HITPOINT WARNING * * *
You hit Joseph.
Joseph is severely wounded.
You barely miss Joseph.
Joseph is severely wounded.
Joseph hits you with a quarterstaff!
* * * LOW HITPOINT WARNING * * *
Unknown command.
Okay, then.
You hit Joseph but do no damage.
Joseph is severely wounded.
Joseph hits you with a quarterstaff.
You die...

#...W....# #.#
#...)..W#####.#
#.##†##))[...(#
......########.#
##.#### #.# ##.# #.###
...###########...#####
#...#.........#@.....#
......########.#@###.#
......# ###.# #.#
......# #.# #.#
#...#.##########.# #.#
...##..[.........# #.#
#####)##########.# #.#
# #.# #.###.####
#####.# #.##.....##
......#####
##.##......##


You could see Joseph.

Vanquished Creatures
  A water moccasin (D:5)
  A black bear (D:7)
  A sky beast (D:5)
  4 ogres
  A phantom (D:7)
  A centaur (D:6)
  A gnoll sergeant (D:7)
  2 killer bees (D:6)
  A centaur zombie (D:7)
  A hound (D:5)
  An orc priest (D:6)
  6 orc wizards
  Jessica (D:1)
  8 worker ants
  A hound skeleton (D:4)
  10 gnolls
  6 adders
  A shadow imp (D:5)
  2 oozes
  3 worms
  2 dart slugs (D:1)
  9 leopard geckos
  8 orcs
  A ball python (D:4)
  6 bats
  8 giant cockroaches
  10 goblins
  4 hobgoblins
  19 jackals
  5 kobolds
  5 quokkas
  5 frilled lizards
  A jackal zombie (D:5)
  A leopard gecko skeleton (D:4)
  A quokka skeleton (D:6)
  6 rats
144 creatures vanquished.

Vanquished Creatures (others)
  2 spectral weapons
2 creatures vanquished.

Grand Total: 146 creatures vanquished

Notes
Turn   | Place    | Note
-------+----------+-------------------------------------------
     0 | D:1      | Elitist the Merfolk Skald began the quest for the Orb.
     0 | D:1      | Reached XP level 1. HP: 16/16 MP: 3/3
    46 | D:1      | Reached XP level 2. HP: 11/23 MP: 5/5
   530 | D:1      | Learned a level 2 spell: Song of Slaying
   874 | D:1      | Reached XP level 3. HP: 26/29 MP: 6/6
   964 | D:2      | Noticed Jessica
   977 | D:1      | Killed Jessica
   977 | D:1      | Reached skill level 3 in Long Blades
  1231 | D:1      | Reached XP level 4. HP: 31/36 MP: 3/7
  1780 | D:2      | Reached skill level 4 in Long Blades
  1796 | D:2      | Reached XP level 5. HP: 31/42 MP: 4/8
  2359 | D:3      | Learned a level 3 spell: Regeneration
  2952 | D:3      | Reached skill level 5 in Fighting
  2972 | D:3      | Reached XP level 6. HP: 44/51 MP: 4/9
  3058 | D:4      | Reached skill level 5 in Long Blades
  3753 | D:4      | Reached XP level 7. HP: 56/56 MP: 6/10
  4318 | D:5      | Entered Level 5 of the Dungeon
  4350 | D:5      | Found a staircase to the Ecumenical Temple.
  4368 | D:5      | Found a glowing silver altar of Zin.
  4369 | D:5      | Found a sacrificial altar of Ru.
  4369 | D:5      | Found a glowing golden altar of the Shining One.
  4369 | D:5      | Found a blossoming altar of Fedhas.
  4369 | D:5      | Found a shimmering altar of Xom.
  4369 | D:5      | Found a deep blue altar of Sif Muna.
  4369 | D:5      | Found a stormy altar of Qazlal.
  4369 | D:5      | Found a burning altar of Makhleb.
  4369 | D:5      | Found a shadowy altar of Dithmenos.
  4369 | D:5      | Found an iron altar of Okawaru.
  4370 | D:5      | Found a shimmering altar of Xom.
  4370 | D:5      | Found a basalt altar of Yredelemnul.
  4377 | D:5      | Became a worshipper of Warmaster Okawaru
  4438 | D:5      | Found an ornate altar of the Wu Jian Council.
  4439 | D:5      | Found a sparkling altar of Nemelex Xobeh.
  4439 | D:5      | Found an iron altar of Okawaru.
  4439 | D:5      | Found a basalt altar of Yredelemnul.
  4713 | D:5      | Reached skill level 6 in Long Blades
  4730 | D:5      | Learned a level 3 spell: Spectral Weapon
  5061 | D:5      | Reached * piety under Okawaru
  5287 | D:6      | Reached XP level 8. HP: 42/63 MP: 7/12
  5794 | D:6      | Reached skill level 7 in Long Blades
  5803 | D:6      | Reached skill level 1 in Invocations
  5861 | D:6      | Noticed nazoth's ghost (novice DsBe)
  5968 | Temple   | Entered the Ecumenical Temple
  6174 | D:7      | Found an ornate altar of the Wu Jian Council.
  6606 | D:7      | Reached skill level 5 in Charms
  7063 | D:7      | Reached skill level 1 in Hexes
  7072 | D:7      | Reached skill level 8 in Long Blades
  7193 | D:7      | Reached skill level 1 in Necromancy
  7204 | D:7      | Reached ** piety under Okawaru
  7253 | D:7      | Reached XP level 9. HP: 20/68 MP: 3/13
  7370 | D:7      | Noticed Joseph
  7430 | D:7      | Slain by Joseph

Vault maps used:
D:1:      minmay_arrival_cross, minmay_misc_feat_plants, serial_bayou_pond_d
D:2:      uniq_jessica
D:4:      fountainhead
D:5:      chequers_temple_overflow_statue_of_worship, temple_doors_ab,
          first_bread, feat_on_display
D:7:      gammafunk_temple_overflow_elements, basic_altar, minmay_three_doors,
          uniq_joseph
Temple:   nicolae_temple_no_exploring_needed

Skill      XL: |  1  2  3  4  5  6  7  8  9 |
---------------+----------------------------+-----
Fighting       | 3 4 5 |  5.5
Long Blades    | 3 4 5 6 8 |  8.6
Dodging        | 3 4 |  4.0
Charms         | 4 5 |  5.1
Spellcasting   | 3 |  3.0
Invocations    | 3 |  3.5
Hexes          | 1 2 |  2.0
Necromancy     | 1 |  1.3
Armour         | |  0.6

Action                   |  1- 3 |  4- 6 |  7- 9 || total
-------------------------+-------+-------+-------++-------
Melee: Falchion          |    69 |   185 |   204 ||   458
       Long sword        |       |       |   162 ||   162
 Cast: Infusion          |     2 |    20 |    18 ||    40
       Song of Slaying   |       |     2 |     2 ||     4
       Spectral Weapon   |       |       |     3 ||     3
       Regeneration      |       |       |     3 ||     3
Invok: Heroism           |       |       |     3 ||     3
 Abil: Stop Singing      |       |     1 |       ||     1
Evoke: Wand              |       |     2 |    10 ||    12
  Use: Potion            |       |     2 |     3 ||     5
       Scroll            |       |       |     3 ||     3
  Eat: Chunk             |     1 |     9 |     9 ||    19
       Meat ration       |       |       |     1 ||     1
Armor: Leather armour    |    32 |    60 |   111 ||   203
Dodge: Dodged            |    78 |   129 |   256 ||   463
       Rpst.: Falchion   |    20 |    38 |    34 ||    92
       Long sword        |       |       |    48 ||    48
